ITL
AMARILLO ARCHDUKES @ ALLENTOWN HILLBILLIES
06/14/2026
 
TOP OF THE 1ST
Amarillo Archdukes batting - Pitching for Allentown Hillbillies : RHP Okura Oike
Pitching: RHP Okura Oike
Batting: RHB Tony Quinn 0-0: Ball
1-0: Ball
2-0: DOUBLE (Line Drive, 78M)
Batting: LHB Chris Pryor 0-0: Called Strike
0-1: Foul Ball, location: 2F
0-2: Foul Ball, location: 2F
0-2: Ball
1-2: Ground out U3 (Groundball, 3L)
Tony Quinn to third
Batting: RHB Jorge Espinosa 0-0: Ball
1-0: Foul Ball, location: 2F
1-1: Swinging Strike
1-2: Strikes out swinging
Batting: RHB Tim Chambers 0-0: Called Strike
0-1: Called Strike
0-2: Strikes out swinging
Top of the 1st over - 0 run(s), 1 hit(s), 0 error(s), 1 left on base; Amarillo 0 - Allentown 0
BOTTOM OF THE 1ST
Allentown Hillbillies batting - Pitching for Amarillo Archdukes : RHP Nick Parks
Pitching: RHP Nick Parks
Batting: LHB José Esparza 0-0: Foul Ball, location: 2F
0-1: Foul Ball, location: 2F
0-2: Ball
1-2: Ball
2-2: Foul Ball, location: 2F
2-2: Foul Ball, location: 2F
2-2: Ball
3-2: Ground out U3 (Groundball, 3L)
Batting: RHB Chad Huggins 0-0: Called Strike
0-1: Ball
1-1: Fly out, F8 (Flyball, 8RD)
Batting: RHB Jimmy Simon 0-0: Ground out 4-3 (Groundball, 4)
Bottom of the 1st over - 0 run(s), 0 hit(s), 0 error(s), 0 left on base; Amarillo 0 - Allentown 0
TOP OF THE 2ND
Amarillo Archdukes batting - Pitching for Allentown Hillbillies : RHP Okura Oike
Batting: LHB Howard Lambert 0-0: Called Strike
0-1: Ball
1-1: Ball
2-1: Ball
3-1: Called Strike
3-2: Strikes out looking
Batting: RHB Ronald Parsons 0-0: Swinging Strike
0-1: Called Strike
0-2: Ball
1-2: Ball
2-2: Foul Ball, location: 2F
2-2: Strikes out swinging
Batting: RHB José Tamayo 0-0: Ball
1-0: Ground out 6-3 (Groundball, 6M)
Top of the 2nd over - 0 run(s), 0 hit(s), 0 error(s), 0 left on base; Amarillo 0 - Allentown 0
BOTTOM OF THE 2ND
Allentown Hillbillies batting - Pitching for Amarillo Archdukes : RHP Nick Parks
Batting: SHB Oliver Deleón 0-0: Foul Ball, location: 2F
0-1: Foul Ball, location: 2F
0-2: SINGLE (Flyball, 89S)
Batting: RHB Millard Stark 0-0: Grounds into double play, 5-4-3 (Groundball, 56)
Batting: RHB Gustavo Ortíz 0-0: Called Strike
0-1: Ground out 4-3 (Groundball, 4)
Bottom of the 2nd over - 0 run(s), 1 hit(s), 0 error(s), 0 left on base; Amarillo 0 - Allentown 0
TOP OF THE 3RD
Amarillo Archdukes batting - Pitching for Allentown Hillbillies : RHP Okura Oike
Batting: LHB Jorge Martínez 0-0: Ball
1-0: DOUBLE (Flyball, 78XD)
Batting: RHB Mark Roy 0-0: Called Strike
0-1: Swinging Strike
0-2: Strikes out looking
Batting: RHB Tony Quinn 0-0: Ball
1-0: Ball
2-0: Ground out 6-3 (Groundball, 6M)
Jorge Martínez to third
Batting: LHB Chris Pryor 0-0: Swinging Strike
0-1: Foul Ball, location: 2F
0-2: Ball
1-2: Strikes out swinging
Top of the 3rd over - 0 run(s), 1 hit(s), 0 error(s), 1 left on base; Amarillo 0 - Allentown 0
BOTTOM OF THE 3RD
Allentown Hillbillies batting - Pitching for Amarillo Archdukes : RHP Nick Parks
Batting: LHB Rafael Flores 0-0: Called Strike
0-1: Foul Ball, location: 2F
0-2: Strikes out looking
Batting: RHB Carl Brown 0-0: Called Strike
0-1: Ball
1-1: Ball
2-1: Called Strike
2-2: Ball
3-2: Fly out, F9 (Popup, 8RS)
Batting: RHB Joel Jackson 0-0: Called Strike
0-1: SOLO HOME RUN (Flyball, 78XD), Distance : 393 ft
Batting: LHB José Esparza 0-0: Ball
1-0: Ball
2-0: Ball
3-0: Called Strike
3-1: SINGLE (Groundball, 4M)
Batting: RHB Chad Huggins 0-0: Ball
1-0: Ball
José Esparza steals 2nd base
2-0: Ball
3-0: Base on Balls
Batting: RHB Jimmy Simon 0-0: DOUBLE (Flyball, 8LXD)
José Esparza scores
Chad Huggins to third
Runner from 3rd tries for Home, SAFE, no throw or cutoff
Batting: SHB Oliver Deleón 0-0: Called Strike
0-1: Foul Ball, location: 2F
0-2: Strikes out swinging
Bottom of the 3rd over - 3 run(s), 3 hit(s), 0 error(s), 1 left on base; Amarillo 0 - Allentown 3
TOP OF THE 4TH
Amarillo Archdukes batting - Pitching for Allentown Hillbillies : RHP Okura Oike
Batting: RHB Jorge Espinosa 0-0: Ball
1-0: Swinging Strike
1-1: Ball
2-1: Foul Ball, location: 2F
2-2: Fly out, F9 (Flyball, 9LS)
Batting: RHB Tim Chambers 0-0: SINGLE (Groundball, 56D)
Batting: LHB Howard Lambert 0-0: Called Strike
0-1: Called Strike
Tim Chambers steals 2nd base
0-2: SINGLE (Groundball, 4MD) (infield hit)
Tim Chambers to third
Batting: RHB Ronald Parsons 0-0: Ball
1-0: Called Strike
1-1: Ball
2-1: Grounds into double play, U4-3 (Groundball, 4)
Top of the 4th over - 0 run(s), 2 hit(s), 0 error(s), 1 left on base; Amarillo 0 - Allentown 3
BOTTOM OF THE 4TH
Allentown Hillbillies batting - Pitching for Amarillo Archdukes : RHP Nick Parks
Batting: RHB Millard Stark 0-0: Called Strike
0-1: Called Strike
0-2: SINGLE (Line Drive, 6MD)
Batting: RHB Gustavo Ortíz 0-0: Ball
1-0: Called Strike
1-1: Foul Ball, location: 2F
1-2: DOUBLE (Line Drive, 9LS)
Millard Stark to third
Batting: LHB Rafael Flores 0-0: Called Strike
0-1: Ball
1-1: Ball
2-1: Ball
3-1: Foul Ball, location: 2F
3-2: Base on Balls
Batting: RHB Carl Brown 0-0: Foul Ball, location: 2F
0-1: Ball
1-1: Foul Ball, location: 2F
1-2: Ball
2-2: Ground out 5-3 (Groundball, 15S)
Millard Stark scores
Gustavo Ortíz to third
Rafael Flores to second
Batting: RHB Joel Jackson 0-0: Ball
1-0: Foul Ball, location: 2F
1-1: Ball
Wild Pitch!
Gustavo Ortíz scores
Rafael Flores to third
2-1: SINGLE (Line Drive, 78S)
Rafael Flores scores
Batting: LHB José Esparza 0-0: Ball
1-0: Foul Ball, location: 2F
1-1: Foul Ball, location: 2F
1-2: Ball
2-2: Foul Ball, location: 2F
Error on foul ball, E7
2-2: Ball
3-2: SINGLE (Line Drive, 34D)
Joel Jackson to second
Batting: RHB Chad Huggins 0-0: Ball
1-0: Foul Ball, location: 2F
1-1: Swinging Strike
1-2: SINGLE (Groundball, 5D)
Joel Jackson to third
José Esparza to second
Batting: RHB Jimmy Simon 0-0: Ball
1-0: Ball
2-0: Called Strike
2-1: Fly out, F7 (Flyball, 7D)
Runner from 3rd tags up, SCORES, no throw
Batting: SHB Oliver Deleón 0-0: Called Strike
0-1: SINGLE (Groundball, 6MD)
José Esparza to third
Chad Huggins to second
Runner from 3rd tries for Home, SAFE, no throw or cutoff
Pitching: LHP Glenn Dunn
Batting: RHB Millard Stark 0-0: Hit by Pitch
Chad Huggins to third
Oliver Deleón to second
Batting: RHB Gustavo Ortíz 0-0: Ball
1-0: Ball
2-0: SINGLE (Groundball, 4MD)
Chad Huggins scores
Oliver Deleón to third
Millard Stark to second
Runner from 3rd tries for Home, SAFE, no throw or cutoff
Batting: LHB Rafael Flores 0-0: Called Strike
0-1: Ball
1-1: Swinging Strike
1-2: Foul Ball, location: 2F
1-2: Strikes out swinging
Bottom of the 4th over - 7 run(s), 7 hit(s), 1 error(s), 2 left on base; Amarillo 0 - Allentown 10
TOP OF THE 5TH
Amarillo Archdukes batting - Pitching for Allentown Hillbillies : RHP Okura Oike
Batting: RHB José Tamayo 0-0: Called Strike
0-1: Fly out, F7 (Flyball, 7S)
Batting: LHB Jorge Martínez 0-0: DOUBLE (Line Drive, 9LM)
Batting: RHB Mark Roy 0-0: SINGLE (Groundball, 6MD) (infield hit)
Jorge Martínez to third
Batting: RHB Tony Quinn 0-0: Ball
1-0: Ball
2-0: Called Strike
2-1: Ball
3-1: Fly out, F7 (Line Drive, 7M)
Runner from 3rd tags up, SCORES, throw made
Batting: LHB Chris Pryor 0-0: Called Strike
0-1: Called Strike
0-2: Ground out 2-3 (Groundball, 15S)
Top of the 5th over - 1 run(s), 2 hit(s), 0 error(s), 1 left on base; Amarillo 1 - Allentown 10
BOTTOM OF THE 5TH
Allentown Hillbillies batting - Pitching for Amarillo Archdukes : LHP Glenn Dunn
Batting: RHB Carl Brown 0-0: Ball
1-0: Called Strike
1-1: Ground out 5-3 (Groundball, 56S)
Batting: RHB Joel Jackson 0-0: Called Strike
0-1: Called Strike
0-2: Foul Ball, location: 2F
0-2: SINGLE (Flyball, 7S)
Batting: LHB José Esparza 0-0: Ball
1-0: Called Strike
1-1: Foul Ball, location: 2F
1-2: Fly out, F5 (Line Drive, 56)
Batting: RHB Chad Huggins 0-0: Called Strike
0-1: Foul Ball, location: 2F
0-2: Fly out, F9 (Popup, 9S)
Bottom of the 5th over - 0 run(s), 1 hit(s), 0 error(s), 1 left on base; Amarillo 1 - Allentown 10
TOP OF THE 6TH
Amarillo Archdukes batting - Pitching for Allentown Hillbillies : RHP Okura Oike
Batting: RHB Jorge Espinosa 0-0: TRIPLE (Flyball, 9LM)
Batting: RHB Tim Chambers 0-0: Called Strike
0-1: Foul Ball, location: 2F
0-2: Strikes out looking
Batting: LHB Howard Lambert 0-0: Ball
1-0: Swinging Strike
1-1: Ball
2-1: Ball
3-1: Foul Ball, location: 2F
3-2: SINGLE (Groundball, 4MD)
Jorge Espinosa scores
Batting: RHB Ronald Parsons 0-0: Ball
1-0: Called Strike
1-1: Swinging Strike
1-2: Ball
2-2: Strikes out swinging
Batting: RHB José Tamayo 0-0: Ball
1-0: Ball
2-0: Foul Ball, location: 2F
2-1: Called Strike
2-2: Ball
3-2: Strikes out looking
Top of the 6th over - 1 run(s), 2 hit(s), 0 error(s), 1 left on base; Amarillo 2 - Allentown 10
BOTTOM OF THE 6TH
Allentown Hillbillies batting - Pitching for Amarillo Archdukes : LHP Glenn Dunn
Batting: RHB Jimmy Simon 0-0: Swinging Strike
0-1: Ball
1-1: DOUBLE (Line Drive, 5D)
Batting: SHB Oliver Deleón 0-0: Fly out, F8 (Flyball, 8LS)
Batting: RHB Millard Stark 0-0: Swinging Strike
0-1: Ball
1-1: Ball
2-1: Called Strike
2-2: Ball
3-2: Strikes out looking
Batting: RHB Gustavo Ortíz 0-0: Ball
1-0: Ball
2-0: SINGLE (Groundball, 4D)
Jimmy Simon to third
Runner from 3rd tries for Home, SAFE, no throw or cutoff
Batting: LHB Rafael Flores 0-0: Called Strike
0-1: Hit by Pitch
Gustavo Ortíz to second
Pinch Runner at 1st Wyatt McKinnon:
Batting: RHB Carl Brown 0-0: Foul Ball, location: 2F
0-1: Foul Ball, location: 2F
0-2: Strikes out swinging
Bottom of the 6th over - 1 run(s), 2 hit(s), 0 error(s), 2 left on base; Amarillo 2 - Allentown 11
TOP OF THE 7TH
Amarillo Archdukes batting - Pitching for Allentown Hillbillies : RHP Okura Oike
Now in RF: Wyatt McKinnon
Batting: LHB Jorge Martínez 0-0: Ball
1-0: Ball
2-0: Reached on error, E6 (Groundball, 6)
Batting: RHB Mark Roy 0-0: Called Strike
0-1: DOUBLE (Flyball, 89XD)
Jorge Martínez to third
Batting: RHB Tony Quinn 0-0: Swinging Strike
0-1: Foul Ball, location: 2F
0-2: Fly out, F9 (Flyball, 89M)
Runner from 3rd tags up, SCORES, throw made
Batting: LHB Chris Pryor 0-0: Ball
1-0: Ball
2-0: Swinging Strike
2-1: Foul Ball, location: 2F
2-2: Ball
3-2: Foul Ball, location: 2F
3-2: Base on Balls
Pitching: LHP Emílio Trevino
Batting: RHB Jorge Espinosa 0-0: Fly out, F5 (Line Drive, 56)
0-0: Lined into DP, 5-4 (Line Drive, 56)
Top of the 7th over - 1 run(s), 1 hit(s), 1 error(s), 1 left on base; Amarillo 3 - Allentown 11
BOTTOM OF THE 7TH
Allentown Hillbillies batting - Pitching for Amarillo Archdukes : LHP Glenn Dunn
Pitching: RHP Frederick Kern
Batting: RHB Joel Jackson 0-0: Ball
1-0: Foul Ball, location: 2F
1-1: Foul Ball, location: 2F
1-2: Ball
2-2: Ball
3-2: Base on Balls
Batting: LHB José Esparza 0-0: Bunted foul
0-1: Sac Bunt - play at second, runner OUT! 1-6
Batting: RHB Chad Huggins 0-0: Ball
Wild Pitch!
José Esparza to second
1-0: Ball
2-0: Fly out, F9 (Flyball, 9LM)
Batting: RHB Jimmy Simon 0-0: Ball
1-0: SINGLE (Line Drive, 89S)
José Esparza to third
Runner from 3rd tries for Home, SAFE, no throw or cutoff
Batting: SHB Oliver Deleón 0-0: Ball
1-0: Called Strike
1-1: Ball
2-1: SINGLE (Line Drive, 56D)
Jimmy Simon to second
Batting: RHB Millard Stark 0-0: Ball
1-0: Ball
2-0: SINGLE (Line Drive, 34D)
Jimmy Simon to third
Oliver Deleón to second
Runner from 3rd tries for Home, SAFE, no throw or cutoff
Batting: RHB Gustavo Ortíz 0-0: Ball
1-0: Ball
Wild Pitch!
Oliver Deleón to third
Millard Stark to second
2-0: Ball
3-0: Called Strike
3-1: Base on Balls
Batting: RHB Wyatt McKinnon 0-0: Ball
1-0: Fly out, F9 (Line Drive, 89S)
Bottom of the 7th over - 2 run(s), 3 hit(s), 0 error(s), 3 left on base; Amarillo 3 - Allentown 13
TOP OF THE 8TH
Amarillo Archdukes batting - Pitching for Allentown Hillbillies : LHP Emílio Trevino
Now at SS: António Yánez
Batting: RHB Tim Chambers 0-0: Called Strike
0-1: Ground out 6-3 (Groundball, 6)
Batting: LHB Howard Lambert 0-0: Ball
1-0: Foul Ball, location: 2F
1-1: SOLO HOME RUN (Flyball, 89XD), Distance : 412 ft
Batting: RHB Ronald Parsons 0-0: Swinging Strike
0-1: SINGLE (Line Drive, 6M)
Batting: RHB José Tamayo 0-0: Called Strike
0-1: Grounds into double play, 6-4-3 (Groundball, 6M)
Top of the 8th over - 1 run(s), 2 hit(s), 0 error(s), 0 left on base; Amarillo 4 - Allentown 13
BOTTOM OF THE 8TH
Allentown Hillbillies batting - Pitching for Amarillo Archdukes : RHP Frederick Kern
Batting: RHB Carl Brown 0-0: Ball
1-0: Ball
2-0: Ball
3-0: Called Strike
3-1: Foul Ball, location: 2F
3-2: Strikes out swinging
Batting: RHB Joel Jackson 0-0: Called Strike
0-1: Ball
1-1: Swinging Strike
1-2: Ball
2-2: Ball
3-2: Base on Balls
Batting: LHB José Esparza 0-0: Ball
1-0: Foul Ball, location: 2F
1-1: Foul Ball, location: 2F
1-2: Ball
2-2: Strikes out swinging
Batting: RHB Chad Huggins 0-0: Fielders Choice at 2nd, 5-4 (Groundball, 56)
Bottom of the 8th over - 0 run(s), 0 hit(s), 0 error(s), 0 left on base; Amarillo 4 - Allentown 13
TOP OF THE 9TH
Amarillo Archdukes batting - Pitching for Allentown Hillbillies : LHP Emílio Trevino
Batting: LHB Jorge Martínez 0-0: Swinging Strike
0-1: Ground out 1-3 (Groundball, 13)
Batting: RHB Mark Roy 0-0: Foul Ball, location: 2F
0-1: Ball
1-1: SINGLE (Groundball, 4)
Batting: RHB Tony Quinn 0-0: Foul Ball, location: 2F
0-1: Called Strike
0-2: Strikes out looking
Batting: LHB Chris Pryor 0-0: Called Strike
0-1: Ball
1-1: Foul Ball, location: 2F
1-2: Strikes out swinging
Top of the 9th over - 0 run(s), 1 hit(s), 0 error(s), 1 left on base; Amarillo 4 - Allentown 13
Monday, December 5th, 2016 - OOTP Baseball 17.12 Build 75